 Dungeon Crawl Stone Soup version 0.28.0 (webtiles) character file.

Game seed: 2755556715918606958

9 Hasart the Insei (level 2, -1/18 HPs)
             Began as an Octopode Transmuter on Feb 15, 2022.
             Slain by a goblin (4 damage)
             ... on level 1 of the Dungeon.
             The game lasted 00:00:31 (248 turns).

Hasart the Insei (Octopode Transmuter)               Turns: 248, Time: 00:00:31

Health: -1/18      AC:  1    Str:  9    XL:     2   Next: 16%
Magic:  4/5        EV: 13    Int: 15    God:
Gold:   11         SH:  0    Dex: 12    Spells: 4/5 levels left

rFire   . . .      SeeInvis .     - Unarmed
rCold   . . .      Faith    .   (no shield)
rNeg    . . .      Spirit   .   (helmet currently unavailable)
rPois   .          Reflect  .   (no amulet)
rElec   .          Harm     .   (no ring)
rCorr   .          Rampage  .   (no ring)
Will    .....                   (no ring)
Stlth   ++........              (no ring)
HPRegen 0.06/turn               (no ring)
MPRegen 0.09/turn               (no ring)
                                (no ring)
                                (no ring)

@: appendages (expiring)
A: tentacle spike 3, almost no armour, amphibious, 8 rings, camouflage 1,
gelatinous body 1, (nimble swimmer 1), tentacles
a: End Transformation


You were on level 1 of the Dungeon.
One of your tentacles had grown a beastly spike.
You visited 1 branch of the dungeon, and saw 1 of its levels.

You collected 11 gold pieces.

Inventory:

Missiles
 a - 3 javelins


   Skills:
 + Level 1.2 Fighting
 + Level 2.1 Dodging
 * Level 3.2 Unarmed Combat
 + Level 2.1 Spellcasting
 + Level 2.1 Transmutations


You had 4 spell levels left.
You knew the following spells:

 Your Spells              Type           Power      Damage    Failure   Level
a - Beastly Appendage     Tmut           14%        N/A       10%         1

Your spell library contained the following spells:

 Spells                   Type           Power      Damage    Failure   Level
 Wereblood                Tmut           7%         N/A       14%         2
 Spider Form              Tmut/Pois      4%         N/A       38%         3
 Ice Form                 Ice/Tmut       4%         N/A       80%         4


Dungeon Overview and Level Annotations

Branches:
Dungeon (1/15)

Altars:


Innate Abilities, Weirdness & Mutations

One of your tentacles has grown a beastly spike.
You cannot wear most types of armour.
You are amphibious.
You can wear up to eight rings at the same time.
Your skin changes colour to match your surroundings (Stealth+).
Your rubbery body absorbs attacks. (AC +1, EV +1)
((You are camouflaged when in or above water. (Stealth+)))
You have tentacles for arms and can constrict up to eight enemies at once.


Message History

You are too injured to fight recklessly!
You are too injured to fight recklessly!
You are too injured to fight recklessly!
You are too injured to fight recklessly!
You are too injured to fight recklessly!
You are too injured to fight recklessly!
You are too injured to fight recklessly!
You are too injured to fight recklessly!
You are too injured to fight recklessly!
You are too injured to fight recklessly!
You are too injured to fight recklessly!
You are too injured to fight recklessly!
You are too injured to fight recklessly!
You are too injured to fight recklessly!
There is a stone staircase leading down here.
Casting: Beastly Appendage (safe; 10% risk of failure)
Confirm with . or Enter, or press ? or * to list all spells.
One of your tentacles grows a vicious spike.
The frilled lizard closely misses you.
You closely miss the frilled lizard. Your grab misses the frilled lizard.
Your tentacle spike misses the frilled lizard.
Your squeeze misses the frilled lizard. The frilled lizard bites you.
You miss the frilled lizard. Your grab misses the frilled lizard.
Your tentacle spike misses the frilled lizard.
Your squeeze misses the frilled lizard. The frilled lizard closely misses you.
You closely miss the frilled lizard. Your grab misses the frilled lizard.
Your tentacle spike misses the frilled lizard.
The frilled lizard bites you.
* * * LOW HITPOINT WARNING * * *
You closely miss the frilled lizard. Your grab misses the frilled lizard.
Your squeeze misses the frilled lizard.
Your transformation is almost over.
The frilled lizard bites you but does no damage.
You miss the frilled lizard. You grab the frilled lizard.
You tentacle-slap the frilled lizard.
You kill the frilled lizard!
You closely miss the goblin. You grab the goblin.
Your squeeze misses the goblin. You constrict the goblin.
The goblin hits you with a +0 dagger.
You die...

..##.# .# ##.##.### .#
#..##.#..
##.#####...#.#.#
#...............
#.#####....#.#.#
#.#####....#.#.#
####.####...............
.......@g............#.#
####.####......#.#...#.#
##.####>..............
.......g######.....#.#
..........# #######.#
............#
........#...# #
........+.....
......$.#......


You could see a goblin.

Vanquished Creatures
  An endoplasm (D:1)
  A giant cockroach (D:1)
  2 hobgoblins (D:1)
  A kobold (D:1)
  A ball python (D:1)
  3 frilled lizards (D:1)
9 creatures vanquished.

Notes
Turn   | Place    | Note
-------+----------+-------------------------------------------
     0 | D:1      | Hasart the Octopode Transmuter began the quest for the Orb.
     0 | D:1      | Reached XP level 1. HP: 13/13 MP: 3/3
   218 | D:1      | Reached XP level 2. HP: 17/18 MP: 5/5
   248 | D:1      | Slain by a goblin

Illustrated notes

Levels and vault maps discovered:
D:1:      dpeg_arrival_three_bigger_balls, layout_basic,
          dreamdust_ecumenical_altar_drowned_temple, serial_shops,
          nicolae_diamond_shop, minmay_stone_trees_small,
          hangedman_decor_peaks_small

Action                   || total
-------------------------++-------
Melee: Unarmed           ||    22
       Constrict         ||     6
       Tentacles         ||     1
       Punch             ||     1
 Cast: Beastly Appendage ||     1
 Stab: Sleeping          ||     2
Armor: Skin              ||     2
Dodge: Dodged            ||    13
